 Dungeon Crawl Stone Soup version 0.28.0 (webtiles) character file.

Game seed: 8457067095740377731

133 Jonnyslop the Magician (level 4, -5/24 HPs)
             Began as a Deep Elf Fire Elementalist on Mar 24, 2022.
             Killed from afar by Ijyb (6 damage)
             ... with a puff of flame
             ... on level 3 of the Dungeon on Mar 25, 2022.
             The game lasted 00:10:38 (2844 turns).

Jonnyslop the Magician (Deep Elf Fire Elementalist) Turns: 2844, Time: 00:10:39

Health: -5/24      AC:  3    Str:  5    XL:     4   Next: 94%
Magic:  9/13       EV: 12    Int: 22    God:
Gold:   78         SH:  0    Dex: 15    Spells: 4/13 levels left

rFire   . . .      SeeInvis .   g - +0 spear
rCold   . . .      Faith    .   (no shield)
rNeg    . . .      Spirit   .   a - +0 robe
rPois   .          Reflect  .   e - +0 helmet
rElec   .          Harm     .   (no cloak)
rCorr   .          Rampage  .   (no gloves)
Will    .....                   (no boots)
Stlth   ++........              (no amulet)
HPRegen 0.08/turn               (no ring)
MPRegen 0.13/turn               (no ring)

@: lethally poisoned (-5 -> -27)
A: no striking features
a: no special abilities


You were on level 3 of the Dungeon.
You visited 1 branch of the dungeon, and saw 3 of its levels.

You collected 78 gold pieces.

Inventory:

Hand Weapons
 f - a +0 whip
 g - a +0 spear (weapon)
 k - a +0 quarterstaff
Armour
 a - a +0 robe (worn)
 e - a +0 helmet (worn)
Scrolls
 b - a scroll of identify
 h - 2 scrolls of enchant armour
 l - a scroll of enchant weapon {unknown}
 n - a scroll of fear
Potions
 c - a potion of cancellation {unknown}
 d - 3 potions of heal wounds {unknown}
 i - a potion of flight {unknown}
 j - a potion of mutation {unknown}
 m - a potion of degeneration {unknown}


   Skills:
 - Level 2.4 Dodging
 - Level 2.4 Stealth
 * Level 5.4 Spellcasting
 + Level 2.7 Conjurations
 + Level 4.1 Fire Magic


You had 4 spell levels left.
You knew the following spells:

 Your Spells              Type           Power      Damage    Failure   Level
a - Foxfire               Conj/Fire      84%        2x1d8     2%          1
b - Scorch                Fire           48%        2d7       2%          2
c - Conjure Flame         Conj/Fire      21%        6-21      7%          3
d - Inner Flame           Hex/Fire       15%        N/A       12%         3

Your spell library contained the following spells:

 Spells                   Type           Power      Damage    Failure   Level
 Blink                    Tloc           10%        N/A       14%         2
 Flame Wave               Conj/Fire      21%        2d7       24%         4
 Confusing Touch          Hex            5%         N/A       28%         3
 Manifold Assault         Tloc           5%         N/A       95%         5
 Yara's Violent Unravell  Hex/Tmut       2%         3d3       95%         5
 Enfeeble                 Hex            2%         N/A       100%        7
 Storm Form               Tmut/Air       2%         N/A       100%        7


Dungeon Overview and Level Annotations

Branches:
Dungeon (3/15)

Altars:

Annotations:
D:3 Ijyb


Message History

The foxfire hits Ijyb.
Ijyb is lightly wounded.
The foxfire hits Ijyb but does no damage.
Ijyb is lightly wounded.
Casting: Foxfire (safe; 2% risk of failure)
Confirm with . or Enter, or press ? or * to list all spells.
You conjure some foxfire!
The foxfire hits Ijyb.
Ijyb is moderately wounded.
The foxfire hits Ijyb.
Ijyb is heavily wounded.
Casting: Foxfire (safe; 2% risk of failure)
Confirm with . or Enter, or press ? or * to list all spells.
You conjure some foxfire!
The foxfire hits Ijyb but does no damage.
Ijyb is heavily wounded.
The foxfire hits Ijyb but does no damage.
Ijyb is heavily wounded.
Casting: Foxfire (safe; 2% risk of failure)
Confirm with . or Enter, or press ? or * to list all spells.
You conjure some foxfire!
Ijyb misses you.
The foxfire hits Ijyb but does no damage.
Ijyb is heavily wounded.
Ijyb hits you with a +2 dagger of venom.
You are poisoned.
Casting: Foxfire (safe; 2% risk of failure)
Confirm with . or Enter, or press ? or * to list all spells.
You conjure some foxfire!
You feel sick.
Ijyb hits you with a +2 dagger of venom.
You are lethally poisoned!
You feel very sick.
The foxfire hits Ijyb but does no damage.
Ijyb is heavily wounded.
Ijyb hits you with a +2 dagger of venom.
* * * LOW HITPOINT WARNING * * *
You are more poisoned.
* * * LOW HITPOINT WARNING * * *
You feel very sick.
Ijyb zaps a wand.
The puff of flame hits you.
You die...

#.#.# #.#.#
#.#.#..#.#.#
#.#.#..#.#.#
#.#.#..#.#.#
#.#.#..#.#.#
#.#.#..#.#.# ###
#.#.#.<#.#.# ..#
#.#.#g##.#.# ..#
#.#.#.@..#.# ..#
#####.#.######.# ..#
#....)..#....#.# ..#
#.........##.#)# ###
#.......####.#.# .#
#............#.# #.#
#.......######.#
##.#####............#
##....#
#.############


You could see Ijyb.

Vanquished Creatures
  A bullfrog (D:3)
  An adder (D:2)
  A dart slug (D:1)
  2 orcs (D:3)
  5 endoplasms
  2 giant cockroaches (D:3)
  8 goblins
  3 hobgoblins
  5 jackals
  A quokka (D:1)
  2 ball pythons (D:2)
  7 bats
  6 frilled lizards
  2 kobolds (D:2)
  5 rats
51 creatures vanquished.

Vanquished Creatures (collateral kills)
  A foxfire (D:3)
1 creature vanquished.

Vanquished Creatures (others)
  189 foxfires
189 creatures vanquished.

Grand Total: 241 creatures vanquished

Notes
Turn   | Place    | Note
-------+----------+-------------------------------------------
     0 | D:1      | Jonnyslop the Deep Elf Fire Elementalist began the quest
                  | for the Orb.
     0 | D:1      | Reached XP level 1. HP: 10/10 MP: 6/6
    27 | D:1      | You fall into a shaft and drop 1 floor!
    32 | D:2      | Reached XP level 2. HP: 15/15 MP: 2/8
   145 | D:2      | Found a faded altar of an unknown god.
   592 | D:1      | Reached skill level 4 in Spellcasting
   832 | D:1      | Reached XP level 3. HP: 14/19 MP: 6/10
   835 | D:1      | Learned a level 2 spell: Scorch
   839 | D:1      | Learned a level 3 spell: Conjure Flame
  2284 | D:3      | Learned a level 3 spell: Inner Flame
  2679 | D:3      | Noticed a bullfrog
  2682 | D:3      | Killed a bullfrog
  2683 | D:3      | Reached skill level 5 in Spellcasting
  2683 | D:3      | Reached XP level 4. HP: 24/24 MP: 9/13
  2832 | D:3      | Noticed Ijyb
  2844 | D:3      | HP: 1/24 [poisoned by Ijyb]
  2844 | D:3      | Killed from afar by Ijyb

Illustrated notes

Levels and vault maps discovered:
D:1:      psy_arrival_basics, layout_basic
D:2:      layout_basic, dreamdust_ecumenical_altar_grove
D:3:      cheibrodos_old_hovel, layout_basic, kennysheep_big_empty_room,
          uniq_ijyb

Skill      XL: |  1  2  3 |
---------------+----------+-----
Spellcasting   | 4 5 |  5.4
Conjurations   | 2 |  2.7
Fire Magic     | 4 |  4.1
Dodging        | |  2.4
Stealth        | |  2.4

Action                   |  1- 3 |  4- 6 || total
-------------------------+-------+-------++-------
Melee: Spear             |    11 |       ||    11
 Cast: Foxfire           |   119 |     7 ||   126
  Use: Scroll            |     3 |       ||     3
Armor: Robe              |     3 |       ||     3
Dodge: Dodged            |     9 |     1 ||    10
